AoeStats
← Mr. Penis

African Clearing

504990098Analyzed
4v4 RM · 24d ago on Sep 7, 2026· 30m 6s· 8 players
Game mode
Random Map
Map size
Large (8 player)
Population
200
Speed
Normal
Resources
Standard
Victory
Conquest
Starting age
Dark Age
Ending age
Imperial Age
RankedLock teamsTeams togetherTeam positionsShared explorationLock speedFull tech treeHidden civsTurbo modeCheats
Victory
Defeat
🇦🇺 Spanish · Australia
1153
+13
🇷🇺 Jurchens · Russia
1127
+14
🇯🇵 Armenians · Japan
1071
+18
🇭🇰 Franks · Hong Kong SAR China
1061
+17
🇬🇧 Slavs · United Kingdom
1118
-17
🇨🇳 Huns · China
1099
-16
🇨🇳 Mongols · China
1087
-15
🇺🇸 Khmer · United States
1051
-14
Kryptonknight
9:58 Loom
16:33 Feudal Age
17:06 Double-Bit Axe
17:08 Horse Collar
22:08 Fletching
27:43 Castle Age
milesburkley
4:02 Loom
14:02 Feudal Age
15:00 Double-Bit Axe
18:04 Castle Age
18:58 Scale Barding Armor
18:35 Horse Collar
19:30 Forging
20:25 Bloodlines
26:09 Bow Saw
29:40 Wheelbarrow
彭大帅
4:55 Loom
9:13 Loom
12:57 Feudal Age
18:37 Castle Age
16:26 Double-Bit Axe
22:33 Husbandry
23:30 Bloodlines
27:05 Scale Barding Armor
27:10 Forging
28:31 Wheelbarrow
秋淮
5:54 Loom
7:16 Loom
11:26 Loom
14:58 Feudal Age
19:59 Castle Age
18:34 Double-Bit Axe
18:36 Loom
19:55 Wheelbarrow
19:54 Horse Collar
21:02 Fletching
21:42 Bloodlines
22:00 Husbandry
22:04 Padded Archer Armor
25:24 Ballistics
26:11 Bodkin Arrow
28:01 Leather Archer Armor
168kcal
13:20 Feudal Age
16:59 Castle Age
16:05 Stone Mining
18:43 Double-Bit Axe
21:18 Loom
22:01 Fletching
25:04 Double-Bit Axe
28:53 Wheelbarrow
H wont help
5:40 Loom
15:29 Feudal Age
19:43 Castle Age
18:21 Fletching
18:10 Man-at-Arms
19:54 Town Watch
20:12 Stone Mining
ragamuffin
5:34 Loom
14:40 Feudal Age
14:41 Man-at-Arms
22:55 Castle Age
27:25 Fletching
Mr. Penis
15:25 Feudal Age
16:28 Double-Bit Axe
17:02 Horse Collar
19:25 Castle Age
20:08 Bloodlines
20:25 Loom
20:58 Bow Saw
21:04 Husbandry
24:56 Squires
24:44 Pikeman
26:39 Fletching
Connection lost

Rejoining the realm…

Still unreachable

The connection could not be restored.

Session expired

The server has moved on; the page needs a fresh start.